[Event "Late-Titled-Tuesday-Blitz-April-23-2024"]
[Site "Chess.com"]
[Date "2024.04.23"]
[Round "7"]
[White "ellatambien"]
[Black "stasOR4ik"]
[Result "1-0"]
[WhiteElo "2726"]
[BlackElo "2469"]
[TimeControl "180+1"]
[EndTime "15:18:52 PDT"]
[Termination "ellatambien won by resignation"]

1. e4 e6 2. d3 d5 3. Qe2 c5 4.
Nf3 dxe4 5. dxe4 Nc6 6. g3 b6 7. Bg2 Bb7 8. O-O Nf6 9. e5 Nd7 10. Bf4 Be7 11. h4 h6 12. h5 Qc7 13. Nc3 a6 14. Ne4 Ncxe5 15. Rad1 O-O-O 16. Kh1 f6 17. Rd2 Nb8 18. Bxe5 fxe5 19. Rfd1 Nc6 20. c3 Kb8 21. Kg1 Rxd2 22. Rxd2 Rd8 23. Nh2 Na5 24.
Rxd8+ Qxd8 25. Ng4 Qd5 26. b3 c4 27. b4 Nc6 28.
Ne3 Qd3 29. Qg4 Qb1+ 30. Kh2 Nd4 31. cxd4 exd4 32. Nxc4 Qc2 33. Ncd2 Bxb4 34. Qf4+ Ka7 35. Nb3 Qxa2 36. Nxd4 a5 37. Nb5+ Ka6 38. Nc7+ Ka7 39.
Qf7 Bxe4 40. Bxe4 e5 41. Qxa2 1-0

[Event "Late-Titled-Tuesday-Blitz-April-23-2024"]
[Site "Chess.com"]
[Date "2024.04.23"]
[Round "7"]
[White "Arigu07"]
[Black "KorolDimitriy75"]
[Result "1-0"]
[WhiteElo "2574"]
[BlackElo "2347"]
[TimeControl "180+1"]
[EndTime "15:18:52 PDT"]
[Termination "Arigu07 won on time"]

1. a3 g6 2. h4 h5 3. Nf3 Bg7 4. e4 c5 5. Bc4 Nc6 6. d3 e6 7.
Nc3 Nge7 8. Be3 Nd4 9. Ba2 b5 10. O-O Rb8 11. Bxd4 cxd4 12. Ne2 Qb6 13. Qd2 O-O 14.
e5 Nc6 15. Qf4 Qc5 16. Nexd4 Nxe5 17. b4 Nxf3+ 18. Nxf3 Qb6 19. Rae1 Bb7 20. Ne5 Rbd8 21. Bb3 d6 22. Nxf7 Rxf7 23. Bxe6 Rf8 24. Bxf7+ Rxf7 25. Re8+ Bf8 26. Qg5 d5 27. d4 Qf6 28. Qg3 Bc6 29. Rc8 Bd7 30. Ra8 Bf5 31. c3 Kg7 32. Re1 Bd6 33. Qg5 Bd3 34. f3 Bf4 35. Qxf6+ Kxf6 36. Kf2 Bc4 37. Rd1 Bb3 38. Rd3 Bc4 39. Rd1 Bb3 40.
Rb1 Bc4 41. Rb2 Re7 42. g3 Be3+ 43. Kg2 Bc1 44. Rc2 Bxa3 45. Rf8+ 1-0

[Event "Late-Titled-Tuesday-Blitz-April-23-2024"]
[Site "Chess.com"]
[Date "2024.04.23"]
[Round "7"]
[White "carloseduar100"]
[Black "CombativeWombat"]
[Result "0-1"]
[WhiteElo "2195"]
[BlackElo "2338"]
[TimeControl "180+1"]
[EndTime "15:18:53 PDT"]
[Termination "CombativeWombat won by checkmate"]

1. e4 e5 2. Nf3 Nc6 3. Nc3 Nf6 4. Nxe5 Nxe5 5. d4 Ng6 6. e5 Bb4 7. exf6 Qxf6 8. a3 Bxc3+ 9. bxc3 O-O 10. Be2 b6 11.
O-O Bb7 12. a4 a5 13. f4 Nh4 14. g3 Qc6 15. Kf2 Nf5 16. Bd2 Rfe8 17. Bf3 Qxf3+ 18. Qxf3 Bxf3 19. Kxf3 d5 20. Rfe1 Nd6 21. Re5 Nc4 22. Be1 Nxe5+ 23. dxe5 f6 24. exf6 gxf6 25. Bf2 Re4 26. Bd4 Kf7 27. Rb1 Rae8 28. h4 R8e6 29. Rd1 Re2 30. Rc1 Re1 31. Rxe1 Rxe1 32. g4 Ra1 33. g5 f5 34. Be5 Rxa4 35. Bxc7 Rc4 36. Bxb6 a4 37. Ke2 a3 38. Kd3 a2 39. Bd4 a1=Q 40.
Kd2 Qh1 41. Be5 Re4 42. h5 Qe1+ 43. Kd3 Qe2# 0-1

[Event "Late-Titled-Tuesday-Blitz-April-23-2024"]
[Site "Chess.com"]
[Date "2024.04.23"]
[Round "7"]
[White "Mops_2004"]
[Black "Jospem"]
[Result "0-1"]
[WhiteElo "2872"]
[BlackElo "3091"]
[TimeControl "180+1"]
[EndTime "15:18:55 PDT"]
[Termination "Jospem won by resignation"]

1. g3 c5 2. Bg2 Nc6 3. f4 g6 4.
Nf3 Bg7 5. O-O d6 6. e4 e6 7. c3 Nge7 8. Kh1 O-O 9. d3 b6 10. Be3 Qd7 11. d4 cxd4 12. cxd4 Ba6 13. Rf2 d5 14. e5 Nf5 15. Bc1 Rac8 16. Nc3 f6 17. g4 Nfe7 18. Be3 fxe5 19. fxe5 Na5 20. Qe1 Nc4 21. Bc1 b5 22. b3 Na5 23. Ba3 Nac6 24. Bc5 b4 25. Na4 Rf4 26. h3 Rcf8 27. Rd1 Bb5 28. Nb2 h6 29. Nd3 Re4 30. Qd2 g5 31. Nfe1 Rxf2 32. Qxf2 Ng6 33. Bxe4 dxe4 34. Nxb4 Nf4 35. Rd2 Nxb4 36. Bxb4 Nd5 37. Nc2 e3 38. Nxe3 Nxb4 39. Nc4 Bc6+ 40. Kh2 Nd5 41. h4 Nf4 42. d5 Bxd5 43. hxg5 hxg5 44. Qc5 Bf8 45. Nd6 Qh7+ 0-1

[Event "Late-Titled-Tuesday-Blitz-April-23-2024"]
[Site "Chess.com"]
[Date "2024.04.23"]
[Round "7"]
[White "rasmussvane"]
[Black "NMJeevanK"]
[Result "1-0"]
[WhiteElo "2950"]
[BlackElo "2664"]
[TimeControl "180+1"]
[EndTime "15:18:55 PDT"]
[Termination "rasmussvane won on time"]

1. Nf3 g6 2. d4 Bg7 3. e4 d6 4. Bd3 a6 5. O-O b5 6. Re1 Bb7 7. a4 b4 8. c3 c5 9. Be3 Nd7 10. Nbd2 e6 11. cxb4 cxb4 12. Nc4 Nb6 13. Nxb6 Qxb6 14.
d5 Qc7 15. Rc1 Qd7 16. dxe6 fxe6 17. Qb3 Ne7 18. Ng5 d5 19. Bc5 O-O 20. Qxb4 Nc6 21. Qb3 Rfe8 22. exd5 exd5 23. h3 Ne5 24. Be2 Bc6 25.
a5 Rab8 26. Qg3 Qf5 27. f4 Nc4 28. Bg4 Qf6 29. Be6+ Rxe6 30. Nxe6 Rxb2 31. Bd4 Qxd4+ 32. Nxd4 Bxd4+ 33. Kh1 Bf2 34. Qg5 Bxe1 35. Rxe1 Rb8 36. Qf6 Bb7 37. Re7 1-0

[Event "Late-Titled-Tuesday-Blitz-April-23-2024"]
[Site "Chess.com"]
[Date "2024.04.23"]
[Round "7"]
[White "kai_nov"]
[Black "Veleamater"]
[Result "1-0"]
[WhiteElo "2280"]
[BlackElo "2424"]
[TimeControl "180+1"]
[EndTime "15:18:56 PDT"]
[Termination "kai_nov won by resignation"]

1. d4 d6 2. c4 g6 3. Nc3 Bg7 4. e4 Nf6 5. f3 O-O 6. Bg5 Nc6 7.
Nge2 h6 8. Be3 e5 9. d5 Ne7 10. Qd2 Kh7 11. O-O-O a6 12. Kb1 Ne8 13. g4 c6 14. h4 b5 15. Ng3 bxc4 16. Bxc4 cxd5 17. Nxd5 Be6 18. h5 g5 19. Nf5 Nxd5 20. Bxd5 Rb8 21.
Rh2 Qc7 22. Qd3 Nf6 23. Rc2 Qd7 24. Bxe6 fxe6 25. Nxg7 Kxg7 26. Qxd6 Qxd6 27. Rxd6 Rbe8 28. Rc7+ Rf7 29. Rxf7+ Kxf7 30. Rxa6 Ng8 31. Ra7+ Kf6 32. Bc5 Rc8 33. b4 Rb8 34. Kc2 Rc8 35. Kb3 Rb8 36. a4 Rc8 37. a5 Rd8 38. a6 Rd3+ 39.
Kc4 Rxf3 40. Rb7 Rf1 41. a7 Ra1 42. Rb8 Ne7 43. Bxe7+ Kxe7 44. a8=Q 1-0

[Event "Late-Titled-Tuesday-Blitz-April-23-2024"]
[Site "Chess.com"]
[Date "2024.04.23"]
[Round "7"]
[White "ColorsTrilogy"]
[Black "lupta_robin"]
[Result "0-1"]
[WhiteElo "2406"]
[BlackElo "2582"]
[TimeControl "180+1"]
[EndTime "15:18:57 PDT"]
[Termination "lupta_robin won on time"]

1. e4 e5 2. Nf3 Nf6 3. Nxe5 Nc6 4. Nf3 Nxe4 5. Nc3 Nxc3 6. dxc3 Be7 7. Be3 d5 8. Qd2 Be6 9. O-O-O a6 10. h4 h6 11. Be2 Qd7 12. Nd4 Nxd4 13. Bxd4 O-O 14.
g4 c5 15. Be5 f6 16. Bf4 Bd6 17. Be3 b5 18. g5 fxg5 19. hxg5 hxg5 20. Bxg5 Rxf2 21.
Qd3 Rf5 22. Rdg1 Rxg5 23. Qh7+ Kf7 24. Rxg5 Bf4+ 25. Kb1 Bxg5 26. Qh5+ Ke7 27. Qxg5+ Kd6 28. Rh7 Rg8 29. Bd3 Qe7 30. Qf4+ Kc6 31. Qe5 Qf6 32. Qg3 a5 33. a4 bxa4 34. Rh4 a3 35. Ra4 Ra8 36. Rxa3 g5 37. Rb3 a4 38. Rb8 Rxb8 39. Qxb8 c4 40. Qb5+ Kxb5 0-1

[Event "Late-Titled-Tuesday-Blitz-April-23-2024"]
[Site "Chess.com"]
[Date "2024.04.23"]
[Round "7"]
[White "Zampronha1971"]
[Black "xasid81"]
[Result "1/2-1/2"]
[WhiteElo "2465"]
[BlackElo "2666"]
[TimeControl "180+1"]
[EndTime "15:18:59 PDT"]
[Termination "Game drawn by repetition"]

1. e4 a6 2. d4 e6 3. c4 d5 4.
Nc3 dxe4 5. Nxe4 Nd7 6. Nf3 Ngf6 7. Bd3 Nxe4 8. Bxe4 Nf6 9. Bc2 Bb4+ 10. Bd2 Bxd2+ 11. Qxd2 b6 12. O-O-O Bb7 13. Kb1 Bxf3 14. gxf3 Qd6 15.
Rhg1 O-O-O 16. Rxg7 Qxh2 17. Rxf7 Rhf8 18. Rxf8 Rxf8 19. d5 exd5 20. cxd5 Qe5 21. Qd3 Kb7 22. Qf5 Qxf5 23. Bxf5 Rd8 24. Be4 Kb8 25. Rh1 Rd7 26.
Rh6 Nxd5 27. Bxd5 Rxd5 28. Rxh7 Rd2 29. Rh2 Rd3 30. Rh3 Rd2 31. Rh2 Kb7 32. a3 a5 33.
Ka2 b5 34. Rg2 c6 35. Rh2 Kb6 36. Rg2 a4 37. Rh2 Re2 38. Kb1 Kc5 39. Rg2 Kc4 40.
Rg4+ Kc5 41. Rg5+ Kd4 42. Rg6 c5 43. Rb6 Kc4 44. Rd6 Rxf2 45. Ka2 Rxf3 46. Rd1 Rf2 47.
Rc1+ Kd5 48. Rd1+ Kc6 49. Rc1 Kb6 50. Rd1 b4 51. axb4 cxb4 52. Rd5 a3 53. Ka1 Kc6 54.
Ra5 Kb6 55. Rd5 Rxb2 56. Rb5+ Kc6 57. Rc5+ Kd6 58. Rd5+ Ke6 59. Re5+ Kd7 60. Rd5+ Kc6 61. Rc5+ Kb7 62. Rb5+ Kc8 63. Rc5+ Kd8 64. Rd5+ Ke7 65. Re5+ Kf6 66. Rf5+ Kg6 67. Rg5+ Kh6 68. Rh5+ Kg6 69. Rg5+ Kf6 70. Rf5+ Ke6 71. Re5+ Kd6 72. Rd5+ Kc6 73. Rc5+ 1/2-1/2

[Event "Late-Titled-Tuesday-Blitz-April-23-2024"]
[Site "Chess.com"]
[Date "2024.04.23"]
[Round "7"]
[White "CarlosjPineror"]
[Black "sergoy"]
[Result "0-1"]
[WhiteElo "2773"]
[BlackElo "2943"]
[TimeControl "180+1"]
[EndTime "15:19:00 PDT"]
[Termination "sergoy won by resignation"]

1. e4 c5 2. Nf3 d6 3. d4 cxd4 4.
Nxd4 Nf6 5. Nc3 a6 6. Bg5 Nbd7 7. Qe2 h6 8. Bh4 g6 9. O-O-O Qc7 10. f4 e5 11. fxe5 dxe5 12. Nb3 b5 13. Rxd7 Nxd7 14. Nd5 Qb8 15. Qe3 g5 16. Be1 Bb7 17. Bd3 Bxd5 18. exd5 Bd6 19. Rf1 b4 20. Qf3 Rf8 21. Qh5 a5 22.
Rxf7 Rxf7 23. Bg6 Qb6 24. Bxf7+ Ke7 25. Qg6 Qe3+ 26. Kd1 Nf8 27. Qg7 Kd8 28. Be6 Ra7 29. Qf6+ Be7 30. Qxh6 a4 31. Nd2 b3 32. axb3 axb3 33. Nxb3 Ra4 34. Qh3 Qxh3 35. Bxh3 g4 36. Bxg4 Rxg4 37. g3 Nd7 38. Nd2 Rd4 39. c4 Bb4 40. b3 Nc5 41. Kc2 Nd3 0-1

[Event "Late-Titled-Tuesday-Blitz-April-23-2024"]
[Site "Chess.com"]
[Date "2024.04.23"]
[Round "7"]
[White "venturov"]
[Black "LikeWater"]
[Result "0-1"]
[WhiteElo "2507"]
[BlackElo "2654"]
[TimeControl "180+1"]
[EndTime "15:19:01 PDT"]
[Termination "LikeWater won on time"]

1. e4 e5 2. Bc4 Nf6 3. d3 c6 4. Nf3 d6 5. Nc3 Be7 6. O-O O-O 7.
a4 Nbd7 8. a5 Nc5 9. Re1 Be6 10.
Bxe6 fxe6 11. d4 exd4 12. Nxd4 e5 13. Nf5 g6 14. Nxe7+ Qxe7 15. Bg5 Ne6 16. Bh6 Rf7 17. f3 Nh5 18. Qd2 Nhf4 19. Rad1 Rd8 20. Ne2 Qh4 21.
Nxf4 exf4 22. e5 d5 23. Bxf4 Qxf4 24. Qd3 Rdf8 25. b3 Qb4 26. c4 d4 27. Qe4 Qxa5 28.
Qg4 Rf5 29. Qh4 Rg5 30. Rxd4 Qa2 31. Rg4 Rf4 32. Rd1 h5 33. Rd8+ Kg7 34. Rd7+ Kh6 35.
Rd6 Rgxg4 0-1

[Event "Late-Titled-Tuesday-Blitz-April-23-2024"]
[Site "Chess.com"]
[Date "2024.04.23"]
[Round "7"]
[White "TheSilmarils"]
[Black "amanmuhammethommadov"]
[Result "1/2-1/2"]
[WhiteElo "2971"]
[BlackElo "2744"]
[TimeControl "180+1"]
[EndTime "15:19:02 PDT"]
[Termination "Game drawn by repetition"]

1. Nf3 Nf6 2. c4 g6 3. Nc3 Bg7 4. e4 O-O 5. d4 d6 6. h3 e5 7. d5 Nh5 8. Nh2 a5 9. Be2 Nf4 10. Bf3 f5 11. Be3 Na6 12. Qd2 fxe4 13. Nxe4 Bf5 14. O-O b6 15. Rae1 Nc5 16. Nxc5 bxc5 17.
Bxf4 exf4 18. Bg4 a4 19. Nf3 Bxg4 20. hxg4 Rb8 21. Rb1 Qf6 22. g5 Qf5 23. Rfe1 Rfe8 24. Rxe8+ Rxe8 25. Re1 Rb8 26. Qd1 Qd7 27. b3 axb3 28.
axb3 Re8 29. Re2 Kf7 30. Qd2 Rxe2 31. Qxe2 Qf5 32. Kh2 Bd4 33. Qa2 Qe4 34. Qa7 Qe7 35. Nxd4 cxd4 36. Qxd4 Qxg5 37. Qa7 Qh5+ 38. Kg1 Qd1+ 39.
Kh2 Qh5+ 40. Kg1 Qd1+ 41. Kh2 Qh5+ 1/2-1/2

[Event "Late-Titled-Tuesday-Blitz-April-23-2024"]
[Site "Chess.com"]
[Date "2024.04.23"]
[Round "7"]
[White "karinachess1"]
[Black "Eloist"]
[Result "0-1"]
[WhiteElo "2589"]
[BlackElo "2468"]
[TimeControl "180+1"]
[EndTime "15:19:02 PDT"]
[Termination "Eloist won by resignation"]

1. d4 e6 2. c4 Nf6 3. Nc3 Bb4 4.
a3 Bxc3+ 5. bxc3 Ne4 6. Qc2 f5 7. Nf3 b6 8. g3 Ba6 9. Bg2 Bxc4 10. Nd2 Nxd2 11. Bxd2 d5 12. O-O O-O 13. Bf4 c5 14. Rfd1 Nc6 15. dxc5 bxc5 16. e4 fxe4 17. Bxe4 Rxf4 18.
gxf4 Qh4 19. Bg2 Qxf4 20. Qd2 Qxd2 21. Rxd2 Rb8 22. Re1 Kf7 23. f4 Ne7 24. Bh3 Nf5 25.
Bxf5 exf5 26. Re5 Kf6 27. Rd1 g5 28. Rde1 gxf4 29. Re6+ Kg5 30. Re7 f3 31. Rg7+ Kf4 32.
Rxh7 Rg8+ 33. Kh1 f2 34. Rc1 f1=Q+ 35. Rxf1+ Bxf1 36. Rxa7 Bd3 37. h3 Kg3 38. Kg1 f4 39.
Rd7 f3 40. Rxd5 f2+ 0-1

[Event "Late-Titled-Tuesday-Blitz-April-23-2024"]
[Site "Chess.com"]
[Date "2024.04.23"]
[Round "7"]
[White "MyDream003"]
[Black "Sanyura"]
[Result "1-0"]
[WhiteElo "2828"]
[BlackElo "2638"]
[TimeControl "180+1"]
[EndTime "15:19:03 PDT"]
[Termination "MyDream003 won by checkmate"]

1. Nf3 Nf6 2. b3 g6 3. Bb2 Bg7 4. e3 O-O 5. d4 d6 6. Be2 Nbd7 7.
O-O e5 8. dxe5 Ng4 9. c4 Ngxe5 10.
Nc3 a5 11. Qd2 Nxf3+ 12. Bxf3 Nc5 13. Nd5 Be6 14. Bxg7 Kxg7 15. Qc3+ f6 16. Nf4 Bf7 17.
Rfd1 Qe7 18. a3 Rfe8 19. h4 Qe5 20. Qc2 h5 21. Rac1 c6 22. Rd2 a4 23. bxa4 Rxa4 24. Nd3 Nxd3 25. Qxd3 Rd8 26. Rc3 Qc5 27. Be2 Kf8 28.
Rb2 Rd7 29. g3 Qe5 30. Rb1 Kg7 31. Qd2 d5 32. Qc2 Ra5 33. Rd3 Re7 34. Rdb3 dxc4 35. Rxb7 Rxa3 36. Bxc4 Rc3 37. Rxe7 Rxc2 38. Rxf7+ Kh6 39.
Rbb7 Rc1+ 40. Kh2 g5 41. Bd3 gxh4 42. Rh7+ Kg5 43. Rbg7# 1-0

[Event "Late-Titled-Tuesday-Blitz-April-23-2024"]
[Site "Chess.com"]
[Date "2024.04.23"]
[Round "7"]
[White "Shankland"]
[Black "DanielDardha2005"]
[Result "1-0"]
[WhiteElo "3061"]
[BlackElo "2851"]
[TimeControl "180+1"]
[EndTime "15:19:07 PDT"]
[Termination "Shankland won by checkmate"]

1. e4 c5 2. Nf3 Nf6 3. Nc3 d5 4. exd5 Nxd5 5. g3 Nxc3 6. bxc3 e6 7. Bg2 Be7 8. O-O O-O 9. d4 Nd7 10. a4 Bd6 11. a5 Rb8 12. Ng5 b6 13. Ne4 Bc7 14.
Bg5 f6 15. Be3 Bb7 16. Re1 cxd4 17. cxd4 Bd5 18. axb6 axb6 19. Qh5 f5 20. Ng5 Nf6 21. Qh3 h6 22. Bxd5 Qxd5 23. c4 Qc6 24. d5 exd5 25.
Nf3 dxc4 26. Nd4 Qd7 27. Nxf5 Rbd8 28. Bxh6 Nd5 29. Bxg7 Rxf5 30. Qh8+ Kf7 31. Qh7 Nf6 32. Bxf6+ Kxf6 33. Qh6+ Kf7 34. Ra7 Rc5 35. Ra8 Qd6 36. Qh7+ Kf6 37. Ra3 c3 38. Ra4 c2 39. Rg4 Re5 40.
Rg6+ Kf5 41. Qh5# 1-0

[Event "Late-Titled-Tuesday-Blitz-April-23-2024"]
[Site "Chess.com"]
[Date "2024.04.23"]
[Round "7"]
[White "TheBigBoss04"]
[Black "Orest_Vovk"]
[Result "1-0"]
[WhiteElo "2802"]
[BlackElo "2573"]
[TimeControl "180+1"]
[EndTime "15:19:07 PDT"]
[Termination "TheBigBoss04 won on time"]

1. e4 g5 2. d4 g4 3. Qxg4 d5 4. Qh4 dxe4 5. Qxe4 Nf6 6. Qd3 Nc6 7. c3 Qd5 8. Nf3 Bg4 9. h3 Bxf3 10. Qxf3 Qxf3 11. gxf3 e5 12. Bg5 Be7 13. dxe5 Nxe5 14. Nd2 O-O-O 15. Be2 Nd5 16. Bxe7 Nxe7 17. O-O-O N7g6 18. Nc4 Nxc4 19. Bxc4 Ne5 20. Bd5 c6 21. Be4 Rdf8 22. f4 Ng6 23. f5 Nf4 24. Kc2 Re8 25. f3 f6 26. Rdg1 Rhg8 27.
Rg4 Nd5 28. Kd2 h5 29. Rg6 Nf4 30. Rxg8 Rxg8 31. Ke3 Ng2+ 32. Kf2 Nf4 33. h4 Rg2+ 34. Ke3 Nd5+ 35. Bxd5 cxd5 36. Rb1 Kc7 37. a4 Kc6 38. b4 Rh2 39. Rg1 Kd6 40. Rg7 Rxh4 41. Rxb7 Rh1 42. Rxa7 h4 43. Rh7 h3 44. Kf2 1-0

[Event "Late-Titled-Tuesday-Blitz-April-23-2024"]
[Site "Chess.com"]
[Date "2024.04.23"]
[Round "7"]
[White "MaxLeto"]
[Black "dolynachess"]
[Result "0-1"]
[WhiteElo "2422"]
[BlackElo "2543"]
[TimeControl "180+1"]
[EndTime "15:19:07 PDT"]
[Termination "dolynachess won on time"]

1. h3 c5 2. g3 g6 3. f3 Bg7 4. e3 Nc6 5. d3 Nf6 6. c3 Rb8 7. b3 b5 8. a3 a5 9. Bb2 O-O 10. Bg2 Qc7 11. Ne2 d6 12. O-O Bb7 13. e4 Rfc8 14.
c4 bxc4 15. bxc4 Ba6 16. Bc3 Qa7 17. Nd2 Nd4 18. Bxa5 Nd7 19. Ra2 Bb7 20. Nb3 Nxb3 21. Bc3 Nd4 22. Nxd4 Bxd4+ 23. Bxd4 cxd4 24. a4 Ba6 25. f4 Rb4 26. g4 Rcb8 27. g5 Rb2 28. Ra1 Qc5 29. h4 Nf8 30. h5 Ne6 31. h6 R8b3 32. Rf3 Qb4 33. Bf1 Qd2 34. Qxd2 Rxd2 35. a5 Rbb2 0-1

[Event "Late-Titled-Tuesday-Blitz-April-23-2024"]
[Site "Chess.com"]
[Date "2024.04.23"]
[Round "7"]
[White "Valiyev_Shahin"]
[Black "ArtemDyachuk"]
[Result "1-0"]
[WhiteElo "2559"]
[BlackElo "2718"]
[TimeControl "180+1"]
[EndTime "15:19:08 PDT"]
[Termination "Valiyev_Shahin won on time"]

1. e4 e5 2. Nf3 Nc6 3. Bb5 a6 4. Ba4 Bc5 5. O-O Nge7 6. Nxe5 Nxe5 7. d4 b5 8. Bb3 Bxd4 9. Qxd4 d6 10. c3 Bb7 11.
Bf4 N7g6 12. Bg3 h5 13. f4 Ng4 14. Qxg7 Qf6 15. Qxf6 Nxf6 16. Nd2 h4 17. Bf2 O-O 18. f5 Ne5 19. Bxh4 Nxe4 20. Nxe4 Bxe4 21. Rae1 Bd3 22.
Rxe5 dxe5 23. Rf3 Be4 24. Rg3+ Kh7 25. Bd5 Bxf5 26. Bf6 Rad8 27. Bxd8 Rxd8 28. Bxf7 Rd1+ 29. Kf2 Rd2+ 30. Ke3 Rxb2 31. Rg5 Bb1 32. Rxe5 Rxg2 33. h4 Bxa2 34. Bxa2 Rxa2 35. Re7+ Kg6 36. Rxc7 Ra4 37.
Kd3 1-0

[Event "Late-Titled-Tuesday-Blitz-April-23-2024"]
[Site "Chess.com"]
[Date "2024.04.23"]
[Round "7"]
[White "Rytenko_V"]
[Black "CaspiIsrael"]
[Result "0-1"]
[WhiteElo "2518"]
[BlackElo "2698"]
[TimeControl "180+1"]
[EndTime "15:19:08 PDT"]
[Termination "CaspiIsrael won on time"]

1. d4 f5 2. Nf3 Nf6 3. c4 g6 4. g3 Bg7 5. Bg2 O-O 6. Nc3 d6 7. O-O Qe8 8. Re1 Qf7 9. b3 Ne4 10. Bb2 c6 11. a4 a5 12. Qd3 Na6 13. Ba3 Nxc3 14. Qxc3 Nc5 15. Qe3 Ne4 16. Nd2 Nxd2 17. Qxd2 f4 18. Qxf4 Qxf4 19. gxf4 Bxd4 20. Rad1 Bc3 21.
Rf1 Rxf4 22. e3 Rf7 23. Rd3 Bf6 24. f4 Bg4 25. e4 Be2 26. Rfd1 Bxd1 27. Rxd1 g5 28.
Bh3 Kh8 29. Be6 Rg7 30. f5 g4 31. c5 dxc5 32. Rd7 b6 33. Kg2 h5 34. Bc1 h4 35. Bf4 b5 36. Rc7 bxa4 37. bxa4 Rb8 38. Rxc6 Rb2+ 39. Kf1 Bd4 40. Bh6 Rf2+ 41. Ke1 Rxh2 42.
Bxg7+ Kxg7 43. f6+ exf6 44. Bxg4 Kh6 45. Bf5 Kg5 46.
Rc7 Kf4 47. Kd1 Ke3 48. Rh7 c4 49. Rc7 c3 50. Rc8 Be5 51. Kc1 Ra2 52. Kb1 Rxa4 53.
Rh8 Rb4+ 54. Kc1 Bg3 55. e5 Bxe5 56. Bc2 Rg4 57. Kb1 Rg1+ 58. Ka2 Rg2 0-1

[Event "Late-Titled-Tuesday-Blitz-April-23-2024"]
[Site "Chess.com"]
[Date "2024.04.23"]
[Round "7"]
[White "Russian_berezka"]
[Black "gmcorrales"]
[Result "0-1"]
[WhiteElo "2640"]
[BlackElo "2861"]
[TimeControl "180+1"]
[EndTime "15:19:11 PDT"]
[Termination "gmcorrales won by resignation"]

1. d4 Nf6 2. c4 e6 3. Nf3 d5 4. Nc3 Bb4 5. Bg5 Nbd7 6. cxd5 exd5 7. Nd2 c6 8. e3 h6 9. Bh4 Nb6 10. Bd3 Qe7 11. O-O g5 12. Bg3 h5 13. e4 Bxc3 14.
bxc3 dxe4 15. Nxe4 Nxe4 16. Bxe4 h4 17. Be5 f6 18. Bg6+ Kd8 19. f4 fxe5 20. fxe5 Be6 21.
a4 Kc7 22. a5 Nc4 23. Qd3 Raf8 24. a6 Rxf1+ 25. Rxf1 Rf8 26. Rb1 b5 27. Be4 Qa3 28. Bf3 Bf5 29. Be4 Bxe4 30. Qxe4 Qe7 31. Rxb5 Rf1+ 32.
Kxf1 Nd2+ 33. Ke2 Nxe4 34. Rb7+ Kd8 35. Rb8+ Kd7 36. Rb7+ Ke6 37. Rxe7+ Kxe7 38. Kd3 Nf2+ 39. Kc4 Ng4 40. Kc5 Kd7 41. e6+ Kc7 42. e7 Nf6 43.
c4 Ne4+ 44. Kb4 Kd7 45. d5 Kxe7 46. dxc6 Kd6 47. Kb5 Kc7 48. c5 Nd2 49. Kb4 Kxc6 50. Kc3 Nf1 51. Kd4 Nxh2 52. Ke5 g4 53. Kf4 Kxc5 54.
Kg5 h3 55. gxh3 g3 0-1

[Event "Late-Titled-Tuesday-Blitz-April-23-2024"]
[Site "Chess.com"]
[Date "2024.04.23"]
[Round "7"]
[White "jaramsdal"]
[Black "ubdip"]
[Result "0-1"]
[WhiteElo "2247"]
[BlackElo "2431"]
[TimeControl "180+1"]
[EndTime "15:19:13 PDT"]
[Termination "ubdip won on time"]

1. e4 c5 2. Nf3 Nc6 3. d4 cxd4 4. Nxd4 Qb6 5. Nb3 Nf6 6. Be3 Qc7 7. Nc3 e6 8. Be2 a6 9. O-O b5 10. Re1 Bb7 11.
Nd5 exd5 12. exd5 Ne5 13. f4 d6 14. fxe5 dxe5 15. Bf3 Bd6 16. Bg5 Nd7 17. Kh1 h6 18. Bh4 O-O 19. Be4 f5 20. Bf3 e4 21. Bh5 Nf6 22. Bg6 Ng4 23. Nd4 Bc8 24. h3 Ne5 25.
Ne6 Bxe6 26. dxe6 Nxg6 27. Qd5 Kh7 28. Rad1 Nxh4 29. Qxd6 Qxd6 30. Rxd6 Rfe8 31. Rf1 g6 32. c3 Kg7 33. Kh2 Kf6 34. g4 Nf3+ 35. Kg3 Ke5 36.
Rd7 Rxe6 0-1

[Event "Late-Titled-Tuesday-Blitz-April-23-2024"]
[Site "Chess.com"]
[Date "2024.04.23"]
[Round "7"]
[White "tylityli"]
[Black "Sandstad"]
[Result "1-0"]
[WhiteElo "2337"]
[BlackElo "2450"]
[TimeControl "180+1"]
[EndTime "15:19:15 PDT"]
[Termination "tylityli won on time"]

1. d4 Nf6 2. c4 c6 3. Nc3 d5 4. cxd5 cxd5 5. Bf4 Nc6 6. e3 a6 7. Bd3 Bg4 8. Nge2 e6 9. O-O Bd6 10. f3 Bh5 11. Rc1 Bg6 12. a3 O-O 13. b4 Rc8 14.
Na4 Bxd3 15. Qxd3 Bxf4 16. exf4 g6 17. Rfd1 Qe7 18. Nc5 Ne8 19. Qb3 Nd6 20. a4 Nc4 21. Nd3 a5 22. b5 Nb8 23. Ne5 Nb6 24. Ng3 N8d7 25. Nf1 Nf6 26. Ne3 Rfd8 27. g4 Ne8 28.
Kg2 Kf8 29. Kg3 Nd6 30. h4 Rxc1 31. Rxc1 Rc8 32. Rc5 Rc7 33. Qc2 Rc8 34. f5 Kg7 35. fxe6 fxe6 36. g5 Qf8 37. N5g4 1-0

[Event "Late-Titled-Tuesday-Blitz-April-23-2024"]
[Site "Chess.com"]
[Date "2024.04.23"]
[Round "7"]
[White "DeTimmerman"]
[Black "elmusmolamas"]
[Result "1-0"]
[WhiteElo "2752"]
[BlackElo "2515"]
[TimeControl "180+1"]
[EndTime "15:19:17 PDT"]
[Termination "DeTimmerman won by resignation"]

1. b4 d5 2. Bb2 Nf6 3. e3 Bf5 4. c4 c6 5. a4 e6 6. b5 Be7 7. Nf3 h6 8. Be2 O-O 9. O-O Nbd7 10. Nd4 Bxb1 11. Rxb1 c5 12. Nf3 a5 13. d4 dxc4 14.
Bxc4 Nb6 15. Be2 Rc8 16. Rc1 Nfd5 17. dxc5 Rxc5 18. Qd4 Bf6 19. Qxc5 Bxb2 20. Rcd1 Qc8 21. Qxc8 Rxc8 22. Rb1 Nxa4 23. Bd1 Ndc3 24. Bxa4 Nxa4 25.
Nd4 Bxd4 26. exd4 Nc3 27. Rb2 Rc4 28. Ra1 b6 29. f3 Rxd4 30. Rc1 Nd5 31. Rc8+ Kh7 32.
Kf2 Kg6 33. Rb8 h5 34. Rb7 h4 35. g3 hxg3+ 36. hxg3 f5 37. Rc2 Kf6 38. Rc6 Rd2+ 39. Ke1 Rb2 40. Rd6 Ke5 41. Rdd7 g5 42. Rg7 Rb3 43. Ke2 Rb2+ 44. Ke1 Rb3 45. Rxg5 Rxf3 46. Rb8 Rb3 47. Re8 Rxb5 48. Rg6 Nc7 49. Re7 Kd6 50. Rgg7 Rc5 51. Rd7+ Ke5 52. Rxc7 Rxc7 53. Rxc7 Kd5 54.
Kd2 e5 55. Rf7 Ke4 56. Rb7 Kf3 57. Rxb6 Kxg3 58. Rb5 Kf4 59. Rxa5 e4 60. Ke2 Kg4 61. Ke3 1-0

[Event "Late-Titled-Tuesday-Blitz-April-23-2024"]
[Site "Chess.com"]
[Date "2024.04.23"]
[Round "7"]
[White "bascheyaro"]
[Black "Njal28"]
[Result "1-0"]
[WhiteElo "2826"]
[BlackElo "3014"]
[TimeControl "180+1"]
[EndTime "15:19:19 PDT"]
[Termination "bascheyaro won on time"]

1. d4 Nf6 2. Nf3 b6 3. c4 Bb7 4. Nc3 e6 5. g3 Bb4 6. Bg2 Bxc3+ 7. bxc3 d6 8. O-O Nbd7 9. a4 a5 10. Ba3 O-O 11. Qb3 Be4 12. Rfd1 Re8 13. e3 Qc8 14. Ne1 Bxg2 15. Kxg2 e5 16. c5 dxc5 17. dxc5 bxc5 18.
Qc4 Qb7+ 19. Nf3 Qc6 20. Qb5 Qxb5 21. axb5 e4 22. Nd2 a4 23. Nc4 Nb6 24. Nxb6 cxb6 25. Rd6 Re6 26. Rad1 h5 27. Rxe6 fxe6 28. Rd6 Rb8 29.
c4 Kf7 30. Rc6 Ne8 31. f3 exf3+ 32. Kxf3 Ke7 33. Ke4 Nd6+ 34. Kd3 Kd7 35. Bb2 Rb7 36.
Be5 Ne8 37. Bb2 g5 38. h3 Nd6 39. g4 hxg4 40. hxg4 Nf7 41. Bf6 Nh6 42. Bxg5 Nxg4 43. Bf4 a3 44. Kc2 Nf6 45. Kb3 Ra7 46. Ka2 Ne4 47. Rxb6 Nc3+ 48. Ka1 Ke7 49. Ra6 Rd7 50. Rxa3 Ne4 51. b6 Rb7 52. Ra7 1-0

[Event "Late-Titled-Tuesday-Blitz-April-23-2024"]
[Site "Chess.com"]
[Date "2024.04.23"]
[Round "7"]
[White "albi1999"]
[Black "Nicolik"]
[Result "1-0"]
[WhiteElo "2657"]
[BlackElo "2507"]
[TimeControl "180+1"]
[EndTime "15:19:19 PDT"]
[Termination "albi1999 won on time"]

1. d4 d5 2. Nf3 Nc6 3. c4 Bg4 4. cxd5 Bxf3 5. gxf3 Qxd5 6. e3 e5 7. Nc3 Bb4 8. Bd2 Bxc3 9. bxc3 Qd6 10. Qb3 Nge7 11.
Qxb7 Rb8 12. Qa6 O-O 13. Bd3 Rb2 14. Bc1 Rb6 15. Qa3 Qf6 16. Be4 Qh4 17. d5 Nd8 18.
Qc5 f5 19. Bc2 e4 20. Ba3 Re8 21. fxe4 fxe4 22. O-O-O Nf7 23. Qxc7 Qxf2 24. Bc5 Ra6 25. Rd2 Qf6 26. Bd4 Qg6 27. Bb3 Nd6 28. Qd7 Nec8 29. Rf1 Re7 30. Qd8+ Re8 31. Qh4 Nb6 32. Qg3 Nbc4 33.
Rg2 Qxg3 34. Rxg3 g6 35. Rf6 Rc8 36. Rg2 Ra5 37. Rgf2 Rxd5 38. Re6 a5 39. a4 Rb8 40. Rxd6 Rxd6 41. Bxc4+ 1-0